 Dungeon Crawl Stone Soup version 0.18-a0-816-g97f838e (webtiles) character file.

135 M4edhros the Charlatan (level 5, -9/33 HPs)
             Began as an Octopode Artificer on Dec 15, 2015.
             Killed by triggering an arrow trap (12 damage)
             ... in an ossuary.
             The game lasted 00:04:15 (1563 turns).

M4edhros the Charlatan (Octopode Artificer)         Turns: 1563, Time: 00:04:15

Health: -9/33      AC:  1    Str: 11    XL:     5   Next: 18%
Magic:  8/8        EV:  8    Int: 15    God:
Gold:   91         SH: 12    Dex: 12    Spells: 0 memorised, 4 levels left

rFire  . . .     SeeInvis .     a - +0 short sword
rCold  . . .     Clarity  .     g - +1 large shield
rNeg   . . .     SustAt   .     (helmet restricted)
rPois  .         Gourm    .     (no amulet)
rElec  .         Spirit   .     j - ring of stealth
rCorr  .         Dismiss  .     (no ring)
rMut   .         Stasis   .     (no ring)
MR     .....                    (no ring)
Stlth  ++++......               (no ring)
                                (no ring)
                                (no ring)
                                (no ring)

@: not resistant to hostile enchantments, stealthy
A: almost no armour, amphibious, 8 rings, constrict 8, camouflage 1, gelatinous
body 1
a: no special abilities


You were in an ossuary.
You were very hungry.

You visited 1 branch of the dungeon, and saw 4 of its levels.
You also visited: Ossuary.

You collected 91 gold pieces.

Inventory:

Hand Weapons
 a - a +0 short sword (weapon)
 h - a +0 hunting sling
Missiles
 i - 67 stones (quivered)
Armour
 g - a +1 large shield (worn)
Jewellery
 j - a ring of stealth (left tentacle)
Wands
 b - a wand of flame (13)
 c - a wand of enslavement (14)
 d - a wand of random effects (12)
Scrolls
 e - a scroll of identify {unknown}
 l - 2 scrolls of remove curse
 n - 3 scrolls of teleportation {unknown}
Potions
 o - a potion of invisibility {unknown}
Comestibles
 f - 4 bread rations
 k - 3 fruits
 m - a beef jerky


   Skills:
 - Level 1.0 Fighting
 - Level 1.0 Short Blades
 + Level 2.8 Dodging
 + Level 3.0 Stealth
 * Level 2.6 Shields
 + Level 4.3 Evocations


You had 4 spell levels left.
You didn't know any spells.

Dungeon Overview and Level Annotations

Branches:
Dungeon (4/15)
 Temple: D:4-7

Altars:
Pakellas
The Shining One


Innate Abilities, Weirdness & Mutations

You cannot wear most types of armour.
You are amphibious.
You can wear up to eight rings at the same time.
You can use your tentacles to constrict eight enemies at once.
Your skin changes colour to match your surroundings (Stealth).
Your rubbery body absorbs attacks (AC +1).


Message History

There is an open door here.
You hit the mummy. Your grab misses the mummy.
The mummy is lightly damaged.
The mummy hits you!!
Ouch! That really hurt!
Your shield prevents you from hitting the mummy.
Your grab misses the mummy.
You squeeze the mummy, but do no damage.
The mummy is lightly damaged.
The mummy hits you!
* * * LOW HITPOINT WARNING * * *
You are too injured to fight recklessly!
There is an open door here.
Evoke which item? (* to show all) (? for menu, Esc to quit)
Zapping:
d - a wand of random effects (13)
Press: ? - help, Shift-Dir - straight line, f - mummy
Aim: a mummy (lightly damaged)
The mummy is unaffected.
This wand has 12 charges left.
An arrow shoots out and hits you!
You die...

#..## ##'###.^#
#'## ### ##.##
##.## #..#
###...### ##.##
#.'...M.#####
#..#
###...#..##.###
#.##
##M###..##''###'#
#'# ##..#...##.#
#.# #+@'...'..#
?.# ###...####
##.# ##+## #+#


You could see a mummy.

Vanquished Creatures
  6 mummies
  2 adders
  A worm (D:3)
  2 giant geckos
  A ball python (D:3)
  5 giant cockroaches (D:1)
  2 hobgoblins
  4 quokkas (D:3)
  4 bats
  A giant newt (D:4)
  3 gnoll skeletons (Ossuary)
  4 goblins
  A goblin skeleton (Ossuary)
  4 kobolds
  A rat (D:2)
41 creatures vanquished.

Notes
Turn   | Place    | Note
--------------------------------------------------------------
     0 | D:1      | M4edhros the Octopode Artificer began the quest for the Orb.
     0 | D:1      | Reached XP level 1. HP: 13/13 MP: 3/3
   518 | D:1      | Reached XP level 2. HP: 13/18 MP: 4/4
   727 | D:2      | Reached skill level 1 in Shields
   762 | D:2      | Reached XP level 3. HP: 21/23 MP: 5/5
   865 | D:3      | Reached skill level 4 in Evocations
   985 | D:3      | Found a glowing golden altar of the Shining One.
   987 | D:3      | Found an oddly glowing altar of Pakellas.
  1161 | D:4      | Noticed a scorpion
  1426 | D:4      | Found a sand-covered staircase.
  1434 | D:4      | Reached XP level 4. HP: 28/28 MP: 7/7
  1439 | Ossuary  | Entered an ossuary
  1508 | Ossuary  | Reached XP level 5. HP: 30/33 MP: 8/8
  1563 | Ossuary  | Killed by triggering an arrow trap

Vault maps used:
D:1:      sevenhm_arrival_forest_fort_small_6
D:2:      trog_hazing_becter
D:3:      lemuel_blue_sif_altar, nicolae_overflow_hidden_temple, first_bread
D:4:      gup_ossuary_entry_pyramid
Ossuary:  ossuary_due_small_catacomb

Action                   |  1- 3 |  4- 6 || total
-------------------------+-------+-------++-------
Melee: Short sword       |    76 |    34 ||   110
Evoke: Wand              |     5 |     1 ||     6
  Use: Scroll            |     4 |       ||     4
 Stab: Sleeping          |     8 |     3 ||    11
  Eat: Chunk             |     1 |       ||     1
